ITL
AMARILLO ARCHDUKES @ ALLENTOWN HILLBILLIES
07/29/2027
 
TOP OF THE 1ST
Amarillo Archdukes batting - Pitching for Allentown Hillbillies : RHP Okura Oike
Pitching: RHP Okura Oike
Batting: RHB José Ruíz 0-0: Called Strike
0-1: Foul Ball, location: 2F
0-2: Foul Ball, location: 2F
0-2: Ball
1-2: Ball
2-2: Ground out 4-3 (Groundball, 4)
Batting: RHB Jorge Espinosa 0-0: Ball
1-0: Bunt missed!
1-1: SINGLE (Flyball, 9LS)
Batting: RHB Gil Watcham 0-0: Ball
1-0: Called Strike
1-1: Foul Ball, location: 2F
1-2: Ball
2-2: Ball
3-2: Strikes out swinging
Batting: RHB Norm Francis 0-0: Swinging Strike
0-1: Ball
1-1: Called Strike
1-2: Foul Ball, location: 2F
1-2: Ball
2-2: Fly out, F5 (Popup, 5D)
Top of the 1st over - 0 run(s), 1 hit(s), 0 error(s), 1 left on base; Amarillo 0 - Allentown 0
BOTTOM OF THE 1ST
Allentown Hillbillies batting - Pitching for Amarillo Archdukes : RHP Nick Parks
Pitching: RHP Nick Parks
Batting: LHB Miguel Colón 0-0: Ball
1-0: Ball
2-0: Called Strike
2-1: Ball
3-1: Called Strike
3-2: Ground out 6-3 (Groundball, 6)
Batting: RHB Justin Harris 0-0: Swinging Strike
0-1: Foul Ball, location: 2F
0-2: Strikes out looking
Batting: RHB Jimmy Simon 0-0: Ball
1-0: Ground out 6-3 (Groundball, 6)
Bottom of the 1st over - 0 run(s), 0 hit(s), 0 error(s), 0 left on base; Amarillo 0 - Allentown 0
TOP OF THE 2ND
Amarillo Archdukes batting - Pitching for Allentown Hillbillies : RHP Okura Oike
Batting: LHB Edwin Ryan 0-0: Called Strike
0-1: Ball
1-1: Ball
2-1: Ground out 4-3 (Groundball, 4)
Batting: LHB Héctor Martínez 0-0: DOUBLE (Line Drive, 3D)
Batting: RHB José Tamayo 0-0: Ball
Wild Pitch!
Héctor Martínez to third
1-0: Called Strike
1-1: Ball
2-1: Ground out 4-3 (Groundball, 4)
Héctor Martínez scores
Batting: RHB Herb Bunch 0-0: Reached on error, E6 (Groundball, 6S)
Batting: RHB Juan Barrera 0-0: SINGLE (Line Drive, 6)
Herb Bunch to third
Runner from 3rd tries for Home, SAFE, no throw
Batting: RHB José Ruíz 0-0: Ball
1-0: SINGLE (Line Drive, 89M)
Juan Barrera to second
Batting: RHB Jorge Espinosa 0-0: Ball
1-0: Ball
2-0: Foul Ball, location: 2F
2-1: Ball
3-1: Swinging Strike
3-2: Base on Balls
Juan Barrera to third
José Ruíz to second
Batting: RHB Gil Watcham 0-0: Ball
1-0: Fly out, F9 (Flyball, 9LSF)
Top of the 2nd over - 2 run(s), 3 hit(s), 1 error(s), 3 left on base; Amarillo 2 - Allentown 0
BOTTOM OF THE 2ND
Allentown Hillbillies batting - Pitching for Amarillo Archdukes : RHP Nick Parks
Batting: RHB Diego Rivera 0-0: Ball
1-0: Fly out, F5 (Popup, 56)
Batting: LHB Eduardo Rodríguez 0-0: Called Strike
0-1: Ball
1-1: Swinging Strike
1-2: SINGLE (Groundball, 56D)
Batting: RHB Dan Banks 0-0: Swinging Strike
0-1: Called Strike
0-2: SINGLE (Line Drive, 4MD)
Eduardo Rodríguez to second
Batting: RHB Carl Brown 0-0: Ball
1-0: Fly out, F7 (Line Drive, 7D)
Batting: RHB Bartolo López 0-0: Ball
1-0: Ball
2-0: Called Strike
2-1: Foul Ball, location: 2F
2-2: Foul Ball, location: 2F
2-2: Fly out, F3 (Popup, 3S)
Bottom of the 2nd over - 0 run(s), 2 hit(s), 0 error(s), 2 left on base; Amarillo 2 - Allentown 0
TOP OF THE 3RD
Amarillo Archdukes batting - Pitching for Allentown Hillbillies : RHP Okura Oike
Now in RF: Albert Lutz
Batting: RHB Norm Francis 0-0: Ball
1-0: SINGLE (Line Drive, 34D)
Batting: LHB Edwin Ryan 0-0: Called Strike
0-1: Called Strike
0-2: Ball
1-2: Ball
2-2: Foul Ball, location: 2F
2-2: Fly out, F3 (Popup, 3L)
Batting: LHB Héctor Martínez 0-0: Called Strike
0-1: SINGLE (Flyball, 8LS)
Norm Francis to second
Batting: RHB José Tamayo 0-0: Ball
1-0: Called Strike
1-1: Fly out, F5 (Line Drive, 56)
Batting: RHB Herb Bunch 0-0: Foul Ball, location: 2F
0-1: Foul Ball, location: 2F
0-2: Ball
1-2: Strikes out swinging
Top of the 3rd over - 0 run(s), 2 hit(s), 0 error(s), 2 left on base; Amarillo 2 - Allentown 0
BOTTOM OF THE 3RD
Allentown Hillbillies batting - Pitching for Amarillo Archdukes : RHP Nick Parks
Batting: RHB Joel Jackson 0-0: Ground out 6-3 (Groundball, 6)
Batting: LHB Miguel Colón 0-0: Called Strike
0-1: Fly out, F9 (Line Drive, 9)
Batting: RHB Justin Harris 0-0: Fly out, F8 (Flyball, 8LD)
Bottom of the 3rd over - 0 run(s), 0 hit(s), 0 error(s), 0 left on base; Amarillo 2 - Allentown 0
TOP OF THE 4TH
Amarillo Archdukes batting - Pitching for Allentown Hillbillies : RHP Okura Oike
Batting: RHB Juan Barrera 0-0: Called Strike
0-1: Ball
1-1: Called Strike
1-2: SINGLE (Groundball, 6MD)
Batting: RHB José Ruíz 0-0: Called Strike
0-1: Swinging Strike
0-2: Strikes out swinging
Batting: RHB Jorge Espinosa 0-0: Ball
1-0: Sac Bunt - play at first, batter safe!
Juan Barrera to second
Batting: RHB Gil Watcham 0-0: Ground out 6-3 (Groundball, 6S)
Juan Barrera to third
Jorge Espinosa to second
Batting: RHB Norm Francis 0-0: DOUBLE (Line Drive, 78D)
Juan Barrera scores
Jorge Espinosa scores
Batting: LHB Edwin Ryan 0-0: Ball
1-0: Ground out 3-1 (Groundball, 34)
Top of the 4th over - 2 run(s), 3 hit(s), 0 error(s), 1 left on base; Amarillo 4 - Allentown 0
BOTTOM OF THE 4TH
Allentown Hillbillies batting - Pitching for Amarillo Archdukes : RHP Nick Parks
Batting: RHB Albert Lutz 0-0: Ball
1-0: Called Strike
1-1: Ground out 6-3 (Groundball, 6)
Batting: RHB Diego Rivera 0-0: SINGLE (Groundball, 4D)
Batting: LHB Eduardo Rodríguez 0-0: Fly out, F8 (Flyball, 8LM)
Batting: RHB Dan Banks 0-0: Ball
1-0: Foul Ball, location: 2F
1-1: Called Strike
1-2: Reached on error, E5 (Groundball, 56)
Diego Rivera to second
Batting: RHB Carl Brown 0-0: Called Strike
0-1: Ball
1-1: Fielders Choice at 2nd, 5-4 (Groundball, 56)
Bottom of the 4th over - 0 run(s), 1 hit(s), 1 error(s), 1 left on base; Amarillo 4 - Allentown 0
TOP OF THE 5TH
Amarillo Archdukes batting - Pitching for Allentown Hillbillies : RHP Okura Oike
Batting: LHB Héctor Martínez 0-0: Called Strike
0-1: Swinging Strike
0-2: Strikes out swinging
Batting: RHB José Tamayo 0-0: Ball
1-0: Ground out U3 (Groundball, 34)
Batting: RHB Herb Bunch 0-0: Ball
1-0: Fly out, F9 (Flyball, 9S)
Top of the 5th over - 0 run(s), 0 hit(s), 0 error(s), 0 left on base; Amarillo 4 - Allentown 0
BOTTOM OF THE 5TH
Allentown Hillbillies batting - Pitching for Amarillo Archdukes : RHP Nick Parks
Batting: RHB Bartolo López 0-0: Called Strike
0-1: Ball
1-1: Foul Ball, location: 2F
1-2: Ground out 6-3 (Groundball, 56)
Batting: RHB Joel Jackson 0-0: Ball
1-0: Foul Ball, location: 2F
1-1: Foul Ball, location: 2F
1-2: Strikes out swinging
Batting: LHB Miguel Colón 0-0: Foul Ball, location: 2F
0-1: Ground out 1-3 (Groundball, P)
Bottom of the 5th over - 0 run(s), 0 hit(s), 0 error(s), 0 left on base; Amarillo 4 - Allentown 0
TOP OF THE 6TH
Amarillo Archdukes batting - Pitching for Allentown Hillbillies : RHP Okura Oike
Batting: RHB Juan Barrera 0-0: SINGLE (Flyball, 78S)
Batting: RHB José Ruíz 0-0: Ball
1-0: Called Strike
1-1: Called Strike
1-2: Foul Ball, location: 2F
1-2: Foul Ball, location: 2F
1-2: Ball
2-2: Ground out 5-3 (Groundball, 56S)
Juan Barrera to second
Batting: RHB Jorge Espinosa 0-0: Ball
1-0: Called Strike
1-1: Foul Ball, location: 2F
1-2: Ball
2-2: Foul Ball, location: 2F
2-2: Strikes out looking
Batting: RHB Gil Watcham 0-0: Called Strike
0-1: Ball
1-1: Swinging Strike
1-2: Strikes out swinging
Top of the 6th over - 0 run(s), 1 hit(s), 0 error(s), 1 left on base; Amarillo 4 - Allentown 0
BOTTOM OF THE 6TH
Allentown Hillbillies batting - Pitching for Amarillo Archdukes : RHP Nick Parks
Batting: RHB Justin Harris 0-0: Called Strike
0-1: Foul Ball, location: 2F
0-2: Ball
1-2: Foul Ball, location: 2F
1-2: Strikes out looking
Batting: RHB Albert Lutz 0-0: Swinging Strike
0-1: Ball
1-1: Fly out, F2 (Popup, 15S)
Batting: RHB Diego Rivera 0-0: Called Strike
0-1: Ball
1-1: Ball
2-1: Ball
3-1: Called Strike
3-2: Foul Ball, location: 2F
3-2: DOUBLE (Flyball, 9D)
Batting: LHB Eduardo Rodríguez 0-0: Ball
1-0: Ground out 3-1 (Groundball, 34)
Bottom of the 6th over - 0 run(s), 1 hit(s), 0 error(s), 1 left on base; Amarillo 4 - Allentown 0
TOP OF THE 7TH
Amarillo Archdukes batting - Pitching for Allentown Hillbillies : RHP Okura Oike
Batting: RHB Norm Francis 0-0: Foul Ball, location: 2F
0-1: Swinging Strike
0-2: Fly out, F8 (Flyball, 8RM)
Pitching: LHP Nick Merrit
Batting: LHB Edwin Ryan 0-0: Swinging Strike
0-1: Called Strike
0-2: DOUBLE (Line Drive, 9LM)
Batting: LHB Héctor Martínez 0-0: Ball
1-0: Called Strike
1-1: Ball
2-1: Ball
3-1: Base on Balls
Batting: RHB José Tamayo 0-0: Ball
1-0: Ball
2-0: Called Strike
2-1: Ball
3-1: Foul Ball, location: 2F
3-2: Strikes out swinging
Héctor Martínez is caught stealing 2nd base
Batter strikes out.
Top of the 7th over - 0 run(s), 1 hit(s), 0 error(s), 1 left on base; Amarillo 4 - Allentown 0
BOTTOM OF THE 7TH
Allentown Hillbillies batting - Pitching for Amarillo Archdukes : RHP Nick Parks
Batting: RHB Dan Banks 0-0: Called Strike
0-1: Ball
1-1: Foul Ball, location: 2F
1-2: Ball
2-2: Ground out 6-3 (Groundball, 6)
Batting: RHB Carl Brown 0-0: Foul Ball, location: 2F
0-1: Foul Ball, location: 2F
0-2: SINGLE (Groundball, 56D)
Batting: RHB Bartolo López 0-0: Fly out, F4 (Popup, 34D)
Batting: RHB Joel Jackson 0-0: Called Strike
0-1: Foul Ball, location: 2F
0-2: Ball
1-2: Fielders Choice at 2nd, U6 (Groundball, 6M)
Bottom of the 7th over - 0 run(s), 1 hit(s), 0 error(s), 1 left on base; Amarillo 4 - Allentown 0
TOP OF THE 8TH
Amarillo Archdukes batting - Pitching for Allentown Hillbillies : LHP Nick Merrit
Batting: RHB Herb Bunch 0-0: Swinging Strike
0-1: Ball
1-1: Called Strike
1-2: Strikes out swinging
Batting: RHB Juan Barrera 0-0: Called Strike
0-1: Called Strike
0-2: Ball
1-2: Strikes out looking
Batting: RHB José Ruíz 0-0: Ball
1-0: Ball
2-0: Ball
3-0: Base on Balls
Batting: RHB Jorge Espinosa 0-0: Fly out, F8 (Flyball, 8RM)
Top of the 8th over - 0 run(s), 0 hit(s), 0 error(s), 1 left on base; Amarillo 4 - Allentown 0
BOTTOM OF THE 8TH
Allentown Hillbillies batting - Pitching for Amarillo Archdukes : RHP Nick Parks
Batting: LHB Miguel Colón 0-0: Ball
1-0: Foul Ball, location: 2F
1-1: Fly out, F9 (Flyball, 9)
Batting: RHB Justin Harris 0-0: Foul Ball, location: 2F
0-1: Ground out 5-3 (Groundball, 56S)
Batting: RHB Albert Lutz 0-0: Ball
1-0: DOUBLE (Line Drive, 78D)
Pitching: RHP Larry Pérez
Batting: RHB Diego Rivera 0-0: Ball
1-0: DOUBLE (Line Drive, 89D)
Albert Lutz scores
Pitching: RHP Ray Johnston
Batting: LHB Eduardo Rodríguez 0-0: Ball
1-0: SINGLE (Line Drive, 4D)
Diego Rivera to third
Runner from 3rd tries for Home, SAFE, no throw
Pitching: RHP Tsugahara Suzuki
Batting: RHB Dan Banks 0-0: Foul Ball, location: 2F
0-1: Ball
1-1: Ball
2-1: Swinging Strike
2-2: Ball
3-2: Foul Ball, location: 2F
3-2: Foul Ball, location: 2F
3-2: Fly out, F3 (Popup, 3L)
Bottom of the 8th over - 2 run(s), 3 hit(s), 0 error(s), 1 left on base; Amarillo 4 - Allentown 2
TOP OF THE 9TH
Amarillo Archdukes batting - Pitching for Allentown Hillbillies : LHP Nick Merrit
Batting: RHB Gil Watcham 0-0: Called Strike
0-1: Ball
1-1: Foul Ball, location: 2F
1-2: Ball
2-2: Ball
3-2: Base on Balls
Batting: RHB Norm Francis 0-0: Ball
1-0: Called Strike
1-1: Ball
2-1: Ball
3-1: Base on Balls
Gil Watcham to second
Pinch Hitting: RHB Paul Ladd 0-0: Fly out, F8 (Flyball, 89XD)
Runner from 2nd tags up, SAFE at 3rd, no throw
Pinch Hitting: RHB Roberto García 0-0: Called Strike
0-1: Ball
1-1: Called Strike
1-2: Strikes out looking
Batting: RHB José Tamayo 0-0: Ball
1-0: Swinging Strike
1-1: Foul Ball, location: 2F
1-2: Ball
2-2: Foul Ball, location: 2F
2-2: Foul Ball, location: 2F
2-2: Strikes out swinging
Top of the 9th over - 0 run(s), 0 hit(s), 0 error(s), 2 left on base; Amarillo 4 - Allentown 2
BOTTOM OF THE 9TH
Allentown Hillbillies batting - Pitching for Amarillo Archdukes : RHP Tsugahara Suzuki
Pitching: LHP Rob Lucas
Now at 1B: Roberto García
Now in LF: Jorge Martínez
Batting: RHB Carl Brown 0-0: Called Strike
0-1: Fly out, F5 (Line Drive, 56)
Batting: RHB Bartolo López 0-0: Ball
1-0: Ball
2-0: Ball
3-0: Foul Ball, location: 2F
3-1: DOUBLE (Line Drive, 8RD)
Batting: RHB Joel Jackson 0-0: Foul Ball, location: 2F
0-1: Foul Ball, location: 2F
0-2: Ball
1-2: Ball
2-2: Ground out 5-3 (Groundball, 25)
Bartolo López to third
Pinch Hitting: RHB Millard Stark 0-0: Ground out 5-3 (Groundball, 56S)
Bottom of the 9th over - 0 run(s), 1 hit(s), 0 error(s), 1 left on base; Amarillo 4 - Allentown 2
Thursday, March 30th, 2017 - OOTP Baseball 17.12 Build 75